 Dungeon Sprint DCSS version 0.31.0-32-g396128a36d (webtiles) character file.

Game seed: 12472397528557667930

5822 boopmooplesden the Stickfighter (level 10, -22/104 HPs)
             Began as a Minotaur Gladiator on Mar 22, 2024.
             Was the Champion of Trog.
             Killed from afar by a nagaraja (54 damage)
             ... with a splash of poison
             ... in the Dungeon (Sprint VII: "The Pits").
             The game lasted 00:03:30 (1099 turns).

boopmooplesden the Stickfighter (MiGl)              Turns: 1099, Time: 00:03:31

Health: -22/104    AC: 21    Str: 21    XL:     10   Next: 51%
Magic:  0/9        EV:  8    Int:  5    God:    Trog [******]
Gold:   0          SH:  0    Dex: 14    Spells: 9/9 levels left

rFire   . . .        y - +4 quarterstaff (speed)
rCold   . . .        (shield currently unavailable)
rNeg    . . .        z - +3 plate armour
rPois   .            c - +0 hat
rElec   .            A - +0 cloak
rCorr   .            B - +0 pair of gloves
SInv    .            (no boots)
Will    .....        (no amulet) Stlth
                     (no ring)
HPRegen 0.37/turn    (no ring)
MPRegen 0.11/turn

%: no teleportation
@: lethally poisoned (-22 -> -60), untranslocatable, on berserk cooldown,
fragile (+50% incoming damage), slowed, constricted, very slow
A: horns 2, retaliatory headbutt
a: Renounce Religion, Berserk, Trog's Hand, Brothers in Arms


You were in the Dungeon.
You worshipped Trog.
Trog was exalted by your worship.
You visited 1 branch

Inventory:

Hand Weapons
 a - a +0 quarterstaff
 b - the +3 battleaxe of Fity {heavy, rF+ rN+ rCorr Int-2}
   (Trog gifted it to you in the Dungeon)

   Int-2:     It affects your intelligence (-2).
   rF+:       It protects you from fire.
   rN+:       It protects you from negative energy.
   rCorr:     It protects you from acid and corrosion.
 f - a +2 quarterstaff
 q - a +0 quarterstaff of protection
 t - a +4 dire flail
 u - a +3 heavy lajatang
 y - a +4 quarterstaff of speed (weapon)
Missiles
 d - 3 throwing nets (quivered)
 e - a javelin
 s - 2 boomerangs
Armour
 c - a +0 hat (worn)
 p - a +3 scale mail
 z - a +3 plate armour (worn)
 A - a +0 cloak (worn)
 B - a +0 pair of gloves (worn)
Jewellery
 v - a +3 ring of protection
 w - a +3 ring of protection
Scrolls
 k - a scroll of blinking
 m - 2 scrolls of vulnerability
 n - 5 scrolls of amnesia
 o - a scroll of butterflies
Potions
 g - 14 potions of heal wounds
 h - a potion of haste
 i - 4 potions of magic
 j - 3 potions of berserk rage
 l - 2 potions of invisibility
 r - 7 potions of curing
 x - a potion of might


   Skills:
 + Level 14.3 Fighting
 + Level 19.3 Staves
 + Level 5.5 Throwing
 + Level 11.3 Armour
 + Level 12.6 Dodging


You had 9 spell levels left.
You didn't know any spells.
Your spell library was empty.

Dungeon Overview and Level Annotations

Branches:
Dungeon (1/1)

Altars:
Cheibriados
Dithmenos
Elyvilon
Fedhas
Gozag
Hepliaklqana
Makhleb
Nemelex Xobeh
Okawaru
Qazlal
Ru
Sif Muna
Trog
Vehumet
Wu Jian
Xom
Yredelemnul
Zin
The Shining One
Jiyva
Lugonu


Innate Abilities, Weirdness & Mutations

You have a pair of horns on your head.
You reflexively headbutt those who attack you in melee.


Message History

The nagaraja hits you with a +0 spear!! The nagaraja constricts you.
You thump Blork the orc!
Blork the orc is almost dead.
Blork the orc hits you but does no damage.
You sock Blork the orc!
You kill Blork the orc!
Trog accepts your kill.
Trog appreciates your killing of a magic user.
The nagaraja spits poison at you. The splash of poison hits you!
You are poisoned.
The nagaraja constricts you.
You closely miss the nagaraja.
You feel sick.
You thump the nagaraja!
The nagaraja is lightly wounded.
You feel sick.
You thump the nagaraja!
The nagaraja is moderately wounded.
You feel sick. The nagaraja hits you with a +0 spear.
The nagaraja constricts you.
You thump the nagaraja! Your headbutt misses the nagaraja.
The nagaraja is heavily wounded.
You feel sick.
You sock the nagaraja!
The nagaraja is heavily wounded.
You feel sick.
The nagaraja gestures at you while chanting.
You feel firmly anchored in space. The nagaraja constricts you.
You sock the nagaraja!
The nagaraja is severely wounded.
You are no longer berserk.
You are exhausted.
You feel yourself slow down.
You feel sick.
You hit the nagaraja. Your headbutt misses the nagaraja.
The nagaraja is severely wounded.
You feel sick. The nagaraja spits poison at you.
The splash of poison hits you!!!
You are lethally poisoned!
Ouch! That really hurt!
You die...

.......+ #......#
.......# ''#####
''################ ###
).........#......# ....
..........').....# .....
..#####...#####†##......
..'...#........)@)......
..#)).#........##N##....
..#...#.#####..# ..# #
..#####.'†..#..# ..#
...)....#...+..# +##
..).....#...#..
#)###...#...#..
.÷..'...#+###..
...)#........


You could see a nagaraja (fast, catching breath).

Vanquished Creatures
  A great orb of eyes (D)
  A death yak (D)
  A deep troll (D)
  A deep elf zephyrmancer (D)
  A lindwurm (D)
  A molten gargoyle (D)
  A rime drake (D)
  A cane toad (D)
  2 ice devils (D)
  A hellwing (D)
  A hornet (D)
  2 glass eyes (D)
  2 vampire mosquitoes (D)
  An orc warrior (D)
  2 laughing skulls (D)
  A crocodile (D)
  A centaur (D)
  A phantom (D)
  A brain worm (D)
  A bullfrog (D)
  Blork the orc (D)
  A scorpion (D)
  3 orc wizards (D)
  2 mummies (D)
  2 gnolls (D)
  An adder (D)
  An ufetubus (D)
  5 orcs (D)
  A bat (D)
  2 giant cockroaches (D)
  A goblin (D)
  3 hobgoblins (D)
  3 jackals (D)
  A quokka (D)
  A ball python (D)
  A ball python skeleton (D)
  2 frilled lizards (D)
55 creatures vanquished.

Notes
Turn   | Place    | Note
-------+----------+-------------------------------------------
     0 | D        | boopmooplesden the Minotaur Gladiator began the quest for
                  | the Orb.
     0 | D        | Reached XP level 1. HP: 18/18 MP: 0/0
     8 | D        | Noticed a scorpion
    11 | D        | Killed a scorpion
    12 | D        | Reached skill level 6 in Staves
    12 | D        | Reached XP level 2. HP: 8/27 MP: 1/1
    12 | D        | Reached XP level 3. HP: 10/33 MP: 2/2
    38 | D        | Found a glowing golden altar of the Shining One.
    38 | D        | Found a glowing silver altar of Zin.
    38 | D        | Found a basalt altar of Yredelemnul.
    38 | D        | Found a shimmering altar of Xom.
    38 | D        | Found an ornate altar of the Wu Jian Council.
    38 | D        | Found a bloodstained altar of Trog.
    38 | D        | Found a shimmering blue altar of Sif Muna.
    38 | D        | Found a sacrificial altar of Ru.
    38 | D        | Found a stormy altar of Qazlal.
    38 | D        | Found an iron altar of Okawaru.
    38 | D        | Found a sparkling altar of Nemelex Xobeh.
    38 | D        | Found a burning altar of Makhleb.
    38 | D        | Found a viscous altar of Jiyva.
    38 | D        | Found a hazy altar of Hepliaklqana.
    38 | D        | Found an opulent altar of Gozag.
    38 | D        | Found a blossoming altar of Fedhas.
    38 | D        | Found a white marble altar of Elyvilon.
    38 | D        | Found a shadowy altar of Dithmenos.
    38 | D        | Found a snail-covered altar of Cheibriados.
    40 | D        | Found a corrupted altar of Lugonu.
    40 | D        | Found a radiant altar of Vehumet.
    41 | D        | Became a worshipper of Trog the Wrathful
    50 | D        | Noticed a glass eye
    63 | D        | Killed a glass eye
    64 | D        | Reached skill level 5 in Fighting
    64 | D        | Reached skill level 10 in Staves
    64 | D        | Reached XP level 4. HP: 40/44 MP: 3/3
    64 | D        | Reached XP level 5. HP: 46/50 MP: 4/4
    83 | D        | Reached * piety under Trog
    94 | D        | Reached ** piety under Trog
    95 | D        | Reached XP level 6. HP: 57/57 MP: 5/5
   100 | D        | Reached skill level 1 in Armour
   164 | D        | Noticed an orc warrior
   174 | D        | Reached skill level 11 in Staves
   175 | D        | Reached *** piety under Trog
   185 | D        | Reached **** piety under Trog
   191 | D        | Killed an orc warrior
   192 | D        | Reached skill level 12 in Staves
   192 | D        | Reached skill level 10 in Dodging
   192 | D        | Reached XP level 7. HP: 54/67 MP: 6/6
   215 | D        | Noticed a cane toad
   226 | D        | Killed a cane toad
   227 | D        | Reached skill level 13 in Staves
   227 | D        | Reached skill level 5 in Throwing
   369 | D        | Reached ***** piety under Trog
   595 | D        | Received a gift from Trog
   596 | D        | Reached skill level 14 in Staves
   596 | D        | Reached XP level 8. HP: 78/78 MP: 7/7
   736 | D        | Reached skill level 5 in Armour
   758 | D        | Noticed a molten gargoyle
   764 | D        | Killed a molten gargoyle
   764 | D        | Received a gift from Trog
   765 | D        | Reached skill level 10 in Fighting
   765 | D        | Reached skill level 15 in Staves
   765 | D        | Noticed a lindwurm
   777 | D        | Killed a lindwurm
   778 | D        | Reached skill level 16 in Staves
   778 | D        | Reached XP level 9. HP: 89/89 MP: 8/8
   820 | D        | Noticed a deep troll
   821 | D        | Noticed an ice devil
   831 | D        | Killed a deep troll
   832 | D        | Reached skill level 17 in Staves
   840 | D        | Killed an ice devil
   861 | D        | Noticed a rime drake
   869 | D        | Killed a rime drake
   884 | D        | Noticed a hellwing
   897 | D        | Killed a hellwing
   897 | D        | Identified the +3 battleaxe of Fity {heavy, rF+ rN+ rCorr
                  | Int-2} (Trog gifted it to you in the Dungeon)
   897 | D        | Received a gift from Trog
   913 | D        | Reached ****** piety under Trog
  1037 | D        | Noticed a deep elf zephyrmancer
  1046 | D        | Reached skill level 18 in Staves
  1046 | D        | Reached XP level 10. HP: 96/100 MP: 9/9
  1046 | D        | Killed a deep elf zephyrmancer
  1047 | D        | Reached skill level 10 in Armour
  1058 | D        | Noticed Blork the orc
  1058 | D        | Noticed a death yak
  1059 | D        | Noticed a great orb of eyes
  1064 | D        | Noticed a nagaraja
  1071 | D        | Killed a death yak
  1088 | D        | Killed a great orb of eyes
  1088 | D        | Received a gift from Trog
  1089 | D        | Reached skill level 19 in Staves
  1092 | D        | Killed Blork the orc
  1099 | D        | Killed from afar by a nagaraja

Illustrated notes

Levels and vault maps discovered:
D:        pitsprint [storerooms_1, entrance_room_1, metal_vault_8, armoury_3,
          mini_pit_1, grid_room_1, main_hall_1, silver_pit, the_coven_1,
          the_vestibule_1, steel_vault_2, golden_pit, hallway_of_sentries,
          crystal_vault_6, iron_vault_1, final_vault]

Skill      XL: |  1  2  3  4  5  6  7  8  9 10 |
---------------+-------------------------------+-----
Fighting       | 4 5 7 9 11 12 14 | 14.3
Staves         | 6 10 12 14 16 18 19 | 19.3
Throwing       | 3 4 5 |  5.5
Dodging        | 6 8 10 11 12 | 12.6
Armour         | 2 4 7 9 11 | 11.3

Action                     |  1- 3 |  4- 6 |  7- 9 | 10-12 || total
---------------------------+-------+-------+-------+-------++-------
  Melee: Quarterstaff      |    14 |    31 |   131 |    35 ||   211
         Headbutt          |     2 |     3 |    27 |     8 ||    40
 Invoke: Berserk           |       |     1 |     4 |     1 ||     6
    Use: Potion            |     1 |       |       |       ||     1
 Armour: Leather armour    |     2 |     5 |       |       ||     7
         Scale mail        |       |     8 |    15 |       ||    23
         Plate armour      |       |       |    63 |    16 ||    79
  Dodge: Dodged            |     4 |    19 |    44 |     5 ||    72
